 Dungeon Crawl Stone Soup version 0.31-a0-263-ge8cad7f256 (webtiles) character file.

Game seed: 4076296769077915074

56 dolemite99 the Ruffian (level 3, -2/9 HPs)
             Began as an Octopode Shapeshifter on July 14, 2023.
             Frozen to death by an endoplasm (5 damage)
             ... on level 2 of the Dungeon.
             The game lasted 00:01:19 (1010 turns).

dolemite99 the Ruffian (Octopode Shapeshifter)      Turns: 1010, Time: 00:01:20

Health: -2/9       AC: 22    Str: 16    XL:     3   Next: 95%
Magic:  3/3        EV: 12    Int: 10    God:
Gold:   84         SH:  0    Dex: 12    Spells: 2/2 levels left

rFire   . .          .
                       - Unarmed
rCold   . . .        (no shield)
rNeg    + . .        (helmet restricted)
rPois   ∞            (no amulet)
rElec   +            (no ring)
rCorr   .            (no ring)
SInv    .            (no ring)
Will    .....        (no ring)
Stlth   ++           (no ring)
HPRegen 0.21/turn    (no ring)
MPRegen 0.08/turn    (no ring)
                     (no ring)

%: no passive effects
@: statue-form, very slow
A: slow and powerful, torment resistance 1, reduced hp, almost no armour,
amphibious, 8 rings, camouflage 1, (gelatinous body 1), (nimble swimmer 1),
tentacles
a: Begin Untransformation


You were on level 2 of the Dungeon.
You were a living statue of rough stone.
You visited 1 branch of the dungeon, and saw 2 of its levels.

You collected 84 gold pieces.

Inventory:

Talismans
 b - a beast talisman
 g - a granite talisman
Scrolls
 d - a scroll of summoning {unknown}
 e - a scroll of immolation {unknown}
 f - a scroll of teleportation {unknown}
 h - 2 scrolls of identify {unknown}
 i - a scroll of vulnerability {unknown}
Potions
 a - 3 potions of lignification
 c - a potion of cancellation {unknown}
 j - a potion of heal wounds {unknown}


   Skills:
 - Level 2.0 Fighting
 - Level 2.0 Dodging
 + Level 3.7 Unarmed Combat
 + Level 3.2 Shapeshifting


You had 2 spell levels left.
You didn't know any spells.
Your spell library contained the following spells:

 Spells                   Type           Power      Damage    Failure   Level
 Shock                    Conj/Air       0%         1d3       36%         1
 Swiftness                Air            0%         N/A       75%         3
 Airstrike                Air            0%         2d(0-16)  98%         4


Dungeon Overview and Level Annotations

Branches:
Dungeon (2/15)

Altars:

Shops:
D:2 [


Innate Abilities, Weirdness & Mutations

You are a living statue of rough stone.
Your actions are slow, but your melee attacks are powerful.
You are resistant to unholy torment.
Your maximum health is decreased, since you lack skill for your form.
You cannot wear most types of armour.
You are amphibious.
You can wear up to eight rings at the same time.
You are immune to poison.
Your skin changes colour to match your surroundings (Stealth+).
((Your rubbery body absorbs attacks. (AC +1, EV +1)))
((You are camouflaged when in or above water. (Stealth+)))
You have tentacles for arms and can constrict up to eight enemies at once.


Message History

No target in view!
Found a robe.
j - a silvery potion
Found a stone staircase leading down.
You now have 76 gold pieces (gained 12).
No target in view!
You now have 84 gold pieces (gained 8).
A goblin comes into view. It is wielding a +0 club.
A goblin is nearby!
The helpless goblin fails to defend itself.
You batter the goblin!!
You kill the goblin!
Things that are here:
a +0 club; a goblin corpse No target in view!
No target in view!
An endoplasm comes into view.
An endoplasm is nearby!
An endoplasm is nearby!
The helpless endoplasm fails to defend itself.
You tentacle-slap the endoplasm but do no damage.
The endoplasm freezes you.
You are frozen.
The endoplasm freezes you.
You are frozen.
Ouch! That really hurt!
You are too injured to fight recklessly!
An endoplasm is nearby!
You are too injured to fight recklessly!
An endoplasm is nearby!
An endoplasm is nearby!
You are too injured to fight recklessly!
You are too injured to fight recklessly!
You are too injured to fight recklessly!
You tentacle-slap the endoplasm but do no damage.
The endoplasm jiggles.
The endoplasm freezes you.
You are frozen.
Ouch! That really hurt!
You die...

### .# .#. # #.#
.#..### ### ##.#
.......
#......##.#..##.
#.#.#........##.#
#.#..............
#.###.##..#.#.#..
#.####J#.).....#.#....
#....8.....##.........
#############.#..#[##.
#.......##.
#..........
#.#...#.### #.#...#.#
# #.#...#.# #
#.......# # #.......#
#


You could see an endoplasm.

Vanquished Creatures
  A gnoll (D:1)
  A worm (D:2)
  2 dart slugs
  3 ball pythons (D:2)
  3 bats
  5 giant cockroaches (D:1)
  7 goblins
  2 hobgoblins
  A quokka (D:2)
  3 frilled lizards (D:1)
  5 kobolds
  3 rats
36 creatures vanquished.

Notes
Turn   | Place    | Note
-------+----------+-------------------------------------------
     0 | D:1      | dolemite99 the Octopode Shapeshifter began the quest for
                  | the Orb.
     0 | D:1      | Reached XP level 1. HP: 14/14 MP: 1/1
   136 | D:1      | Reached XP level 2. HP: 19/19 MP: 2/2
   398 | D:1      | Reached XP level 3. HP: 9/24 MP: 3/3
   810 | D:2      | Found Feawappemp's Armour Emporium.
  1010 | D:2      | Frozen to death by an endoplasm

Illustrated notes

Levels and vault maps discovered:
D:1:      dpeg_arrival_lava_temple_mockup, layout_loops_ring
D:2:      layout_loops_cross, serial_shops, nicolae_shop_rolling_square,
          uniq_robin

Skill      XL: |  1  2 |
---------------+-------+-----
Unarmed Combat | 3 |  3.7
Fighting       | |  2.0
Dodging        | |  2.0
Shapeshifting  | |  3.2

Action                     || total
---------------------------++-------
  Melee: Unarmed           ||    53
         Constrict         ||    14
         Tentacles         ||     6
         Punch             ||     1
   Stab: Sleeping          ||    14
 Armour: Skin              ||    19
  Dodge: Dodged            ||    23
   Form: Statue            ||     1

Table legend: (Time is in decaauts)
 A = Elapsed time spent in this place.
 B = Non-inter-level travel time spent in this place.
 C = Inter-level travel time spent in this place.
 D = Time resting spent in this place.
 E = Time spent auto-exploring this place.
 F = Levels seen in this place.
 G = Mean time per level.
                   A        B        C        D        E       F      G
               +--------+--------+--------+--------+--------+-----+--------+
         Total |   1381 |   1316 |     65 |      0 |    964 |   2 |  690.5 |
       Dungeon |   1381 |   1316 |     65 |      0 |    964 |   2 |  690.5 |
               +--------+--------+--------+--------+--------+-----+--------+

Top non-repeatable levels by time:
     D:1: 941 daAuts
     D:2: 439 daAuts
